 Dungeon Crawl Stone Soup version 0.27-a0-1431-gcffa5a9b16 (webtiles) character file.

Game seed: 1199193171959118722

174 snetch the Magician (level 5, 0/35 HPs)
             Began as a Djinni Fire Elementalist on July 2, 2021.
             Was a Believer of Lugonu.
             Slain by a hound (3 damage)
             ... on level 3 of the Dungeon.
             The game lasted 00:09:01 (3423 turns).

snetch the Magician (Djinni Fire Elementalist)      Turns: 3423, Time: 00:09:02

Health: 0/35       AC:  8    Str:  7    XL:     5   Next: 84%
Gold:   135        EV: 10    Int: 18    God:    Lugonu [**....] SH:  0 Dex: 13

rFire    + + .     SeeInvis .   (no weapon)
rCold    x . .     Faith    .   (no shield)
rNeg     . . .     Spirit   .   n - +0 ring mail
rPois    ∞         Reflect  .   p - +2 helmet
rElec    .         Harm     .   (no cloak)
rCorr    .         Rampage  .   (no gloves)
Will     .....                  (boots unavailable)
Stlth    +.........             (no amulet)
HPRegen  0.11/turn              (no ring)
MPRegen  0.00/turn              (no ring)

@: flying, very slightly contaminated
A: sickness immunity, fire resistance 2, cold vulnerability 1, float, innate
caster, hp casting, extra vitality 1
a: Renounce Religion, Depart the Abyss, Bend Space


You were on level 3 of the Dungeon.
You worshipped Lugonu.
Lugonu was pleased with you.
You visited 1 branch of the dungeon, and saw 4 of its levels.

You collected 135 gold pieces.

Inventory:

Hand Weapons
 o - a +1 spear of venom
Missiles
 c - 44 poisoned darts
 d - 118 stones
 l - 18 arrows
 m - 13 sling bullets
Armour
 k - a +0 leather armour
 n - a +0 ring mail (worn)
 p - a +2 helmet (worn)
Scrolls
 g - 2 scrolls of noise {unknown}
 h - a scroll of enchant weapon {unknown}
 i - 2 scrolls of amnesia {unknown}
 q - a scroll of immolation {unknown}
 r - a scroll of identify {unknown}
Potions
 a - a potion of attraction {unknown}
 b - 2 potions of brilliance {unknown}
 e - a potion of ambrosia {unknown}
 f - 2 potions of might {unknown}
 j - 2 potions of degeneration {unknown}


   Skills:
 + Level 1.6 Armour
 + Level 2.3 Dodging
 + Level 1.8 Stealth
 + Level 4.3 Spellcasting


You couldn't memorise any spells.
You knew the following spells:

 Your Spells              Type           Power      Damage    Failure   Level
a - Foxfire               Conj/Fire      76%        2x1d7     9%          1
b - Conjure Flame         Conj/Fire      19%        6-21      24%         3
c - Inner Flame           Hex/Fire       19%        N/A       24%         3
d - Sticky Flame          Conj/Fire      19%        2d4       63%         4
e - Fireball              Conj/Fire      9%         3d6       92%         5
f - Corona                Hex            21%        N/A       9%          1
g - Passwall              Tmut/Erth      15%        N/A       12%         2
Your spell library was empty.

Dungeon Overview and Level Annotations

Branches:
Dungeon (4/15)
 Temple: D:4-7

Altars:
Lugonu

Shops:
D:4 *


Innate Abilities, Weirdness & Mutations

You are immune to sickness and miasma.
You are immune to poison.
Your flesh is very heat resistant. (rF++)
You are vulnerable to cold. (rC-)
You float through the air rather than walking.
You learn spells naturally, not from books.
Your magical power is your life essence.
You have superior vitality. (+4 HP)


Message History

The hound bites you but does no damage. The hound bites you but does no damage.
You see here a scroll labelled CAHUDWYACW.
Your magical contamination has completely faded away.
The hound bites you but does no damage.
Found a stone staircase leading up.
The hound barely misses you.
An orc wizard appears from thin air!
Reactivating autopickup.
The hound stops to sniff the ground.
The hound misses you.
There is a stone staircase leading up here.
The hound bites you.
* * * LOW HITPOINT WARNING * * *
You fly upwards.
Found a club.
There is a stone staircase leading down here.
You are too injured to fight recklessly!
Casting: Foxfire (safe; 9% risk of failure)
Press: ? - help, Q - select action, (/) - cycle Dir - look around, f - activate You conjure some foxfire!
* * * LOW HITPOINT WARNING * * *
The hound bites you.
* * * LOW HITPOINT WARNING * * *
The hound bites you but does no damage.
Unknown command.
The foxfire hits the hound.
The hound is severely wounded.
The foxfire hits the hound.
The hound is almost dead.
The hound completely misses you.
Unknown command.
Casting: Foxfire (safe; 9% risk of failure)
Press: ? - help, Q - select action, (/) - cycle Dir - look around, f - activate You miscast Foxfire.
You are very lightly contaminated with residual magic.
Nothing appears to happen.
* * * LOW HITPOINT WARNING * * *
The hound bites you.
You die...

.####.
......
... .#
######
#.. .#
# #).#
.# #
... .
#
#..#.
#...#
#..h#
#..@#
#####


You could see a hound.

Vanquished Creatures
  A scorpion (D:3)
  An orc wizard (D:4)
  Robin (D:3)
  An adder (D:2)
  2 worms (D:2)
  2 dart slugs
  2 orcs
  4 endoplasms
  A giant cockroach (D:1)
  13 goblins
  8 hobgoblins
  4 jackals (D:2)
  3 kobolds
  A quokka (D:1)
  2 ball pythons
  A bat (D:1)
  7 frilled lizards
  2 rats
56 creatures vanquished.

Vanquished Creatures (others)
  225 foxfires
225 creatures vanquished.

Grand Total: 281 creatures vanquished

Notes
Turn   | Place    | Note
-------+----------+-------------------------------------------
     0 | D:1      | snetch the Djinni Fire Elementalist began the quest for the
                  | Orb.
     0 | D:1      | Reached XP level 1. HP: 15/15 MP: 0/0
   490 | D:1      | Reached XP level 2. HP: 17/21 MP: 0/0
  1022 | D:1      | Reached skill level 3 in Spellcasting
  1604 | D:1      | Reached XP level 3. HP: 19/25 MP: 0/0
  1604 | D:1      | Learned a level 1 spell: Corona
  2326 | D:2      | Reached XP level 4. HP: 24/31 MP: 0/0
  2540 | D:2      | Found a faded altar of an unknown god.
  2561 | D:2      | Became a worshipper of Lugonu the Unformed
  2561 | D:2      | Reached * piety under Lugonu
  2561 | D:2      | Reached ** piety under Lugonu
  3036 | D:3      | Noticed Robin
  3038 | D:3      | Killed Robin
  3055 | D:3      | Noticed a scorpion
  3064 | D:3      | Killed a scorpion
  3065 | D:3      | Reached skill level 4 in Spellcasting
  3065 | D:3      | Reached XP level 5. HP: 9/35 MP: 0/0
  3065 | D:3      | Learned a level 2 spell: Passwall
  3397 | D:4      | Found Vavegu's Assorted Antiques.
  3400 | D:4      | Noticed an ogre
  3407 | D:4      | Reached skill level 1 in Armour
  3423 | D:3      | Slain by a hound

Illustrated notes

Levels and vault maps discovered:
D:1:      eino_arrival_water_star, layout_basic, minmay_pentomino_p4
D:2:      layout_basic, basic_ecumenical_altar
D:3:      layout_basic, nicolae_overflow_hidden_temple, uniq_robin
D:4:      layout_cave_pools, lemuel_crystal_altar, nicolae_stop_n_shop_2,
          minivault_14, kennysheep_minor_cross

Skill      XL: |  1  2  3  4  5 |
---------------+----------------+-----
Spellcasting   | 3 4 |  4.3
Armour         | 1 |  1.6
Dodging        | |  2.3
Stealth        | |  1.8

Action                   |  1- 3 |  4- 6 || total
-------------------------+-------+-------++-------
 Cast: Foxfire           |    76 |    61 ||   137
Invok: Bend Space        |       |     1 ||     1
Armor: Robe              |     2 |       ||     2
       Leather armour    |     2 |       ||     2
       Ring mail         |       |     9 ||     9
Dodge: Dodged            |     6 |     9 ||    15

Table legend: (Time is in decaauts)
 A = Elapsed time spent in this place.
 B = Non-inter-level travel time spent in this place.
 C = Inter-level travel time spent in this place.
 D = Time resting spent in this place.
 E = Time spent auto-exploring this place.
 F = Levels seen in this place.
 G = Mean time per level.
                   A        B        C        D        E       F      G
               +--------+--------+--------+--------+--------+-----+--------+
         Total |   3427 |   3384 |     43 |      0 |   2882 |   4 |  856.8 |
       Dungeon |   3427 |   3384 |     43 |      0 |   2882 |   4 |  856.8 |
               +--------+--------+--------+--------+--------+-----+--------+

Top non-repeatable levels by time:
     D:1: 1690 daAuts
     D:2: 1228 daAuts
     D:3: 486 daAuts
     D:4: 22 daAuts
